 Dungeon Crawl Stone Soup version 0.25.1-2-g60ff931df9 (webtiles) character file.

Game seed: 9689648533257080091

49 DildoBatman the Magician (level 4, -1/30 HPs)
             Began as a Formicid Wizard on Sept 8, 2020.
             Slain by a leopard gecko (3 damage)
             ... on level 2 of the Dungeon.
             The game lasted 00:04:36 (2161 turns).

DildoBatman the Magician (Formicid Wizard)          Turns: 2161, Time: 00:04:37

Health: -1/30      AC:  3    Str: 12    XL:     4   Next: 1%
Magic:  8/8        EV: 12    Int: 18    God:
Gold:   100        SH:  0    Dex: 12    Spells: 8/9 levels left

rFire    . . .     SeeInvis +   a - +0 hunting sling
rCold    . . .     Gourm    .   (no shield)
rNeg     . . .     Faith    .   t - +0 robe
rPois    +         Spirit   .   (helmet unavailable)
rElec    .         Reflect  .   (no cloak)
rCorr    .         Harm     .   m - +0 pair of gloves {Dex+3}
MR       .....                  (no boots)
Stlth    ++........             u - amulet of the acrobat
HPRegen  0.10/turn              b - ring of poison resistance
MPRegen  0.11/turn              (no ring)

@: no status effects
A: permanent stasis, dig shafts and tunnels, four strong arms, antennae 3
a: Dig, Shaft Self


You were on level 2 of the Dungeon.
You were hungry.

You visited 1 branch of the dungeon, and saw 2 of its levels.

You collected 100 gold pieces.

Inventory:

Hand Weapons
 a - a +0 hunting sling (weapon)
 g - a +0 club
 o - a +2 trident of flaming
Missiles
 e - 51 bolts
 i - 34 stones (quivered)
Armour
 m - a +0 pair of gloves of dexterity (worn)
 t - a +0 robe (worn)
Jewellery
 b - a ring of poison resistance (left hand)
 u - an amulet of the acrobat (around neck)
Scrolls
 c - 2 scrolls of remove curse {unknown}
 d - a scroll of immolation {unknown}
 j - a scroll of teleportation {unknown}
 k - a scroll of blinking {unknown}
 l - a scroll of identify {unknown}
 n - a scroll of enchant armour {unknown}
Potions
 f - 2 potions of might {unknown}
 h - a potion of heal wounds {unknown}
 p - 2 potions of mutation {unknown}
 q - a potion of curing {unknown}
 r - a potion of brilliance {unknown}
Comestibles
 s - 4 chunks of flesh
 v - 5 rations


   Skills:
 - Level 1.7 Dodging
 - Level 2.4 Stealth
 - Level 3.2 Spellcasting
 * Level 3.2 Conjurations
   Level 1.0 Summonings
   Level 0.8 Translocations


You had 8 spell levels left.
You knew the following spells:

 Your Spells              Type           Power        Failure   Level  Hunger
c - Magic Dart            Conj           ##..         4%          1    None

Your spell library contained the following spells:

 Spells                   Type           Power        Failure   Level  Hunger
 Call Imp                 Summ           #.......     16%         2    ##.....
 Slow                     Hex            #.......     24%         2    ##.....
 Conjure Flame            Conj/Fire      #.......     24%         3    ###....
 Mephitic Cloud           Conj/Pois/Air  #.......     30%         3    ###....
 Blink                    Tloc           Unusable     N/A         2    N/A

Dungeon Overview and Level Annotations

Branches:
Dungeon (2/15)

Altars:
Elyvilon
Trog


Innate Abilities, Weirdness & Mutations

You cannot be hasted, slowed, berserked, paralysed or teleported.
You can dig through walls and to a lower floor.
Your four strong arms can wield two-handed weapons with a shield.
You have a pair of large antennae on your head. (SInv)


Message History

The leopard gecko bites you. x2
The rat bites you but does no damage. What are your orders? t - Shout!
Orders for allies: a - Attack new target. r - Retreat! s - Stop attacking. g - Guard the area. f - Follow me.
Anything else - Cancel.
You shout for attention!
The leopard gecko misses you. The rat barely misses you.
What are your orders? t - Shout!
Orders for allies: a - Attack new target. r - Retreat! s - Stop attacking. g - Guard the area. f - Follow me.
Anything else - Cancel.
You shout for attention!
The leopard gecko bites you.
You die...

......##.........#
#.###..###########.#
. #..# #####.#### #..
#........# ###..#
#.###.##.# ......#
#.##..# # .#.....##
#.##)##
#.......####.#..###
.......@.##..รท....#
......lr.'..#####...#
.........##.# .###
#.......###.# .
##.....## #.# ##
##...# #.# ##'# #..
#. ### .


You could see a leopard gecko and a rat.

Vanquished Creatures
  An adder (D:2)
  A worm (D:2)
  A leopard gecko (D:1)
  3 bats (D:1)
  A giant cockroach (D:1)
  A goblin (D:2)
  6 hobgoblins
  5 jackals
  5 frilled lizards
  5 kobolds
  6 rats
35 creatures vanquished.

Notes
Turn   | Place    | Note
-------+----------+-------------------------------------------
     0 | D:1      | DildoBatman the Formicid Wizard began the quest for the
                  | Orb.
     0 | D:1      | Reached XP level 1. HP: 13/13 MP: 4/4
    30 | D:1      | Reached skill level 1 in Conjurations
   313 | D:1      | Reached XP level 2. HP: 18/19 MP: 0/6
   981 | D:1      | Reached XP level 3. HP: 24/24 MP: 3/7
  1382 | D:2      | Found a bloodstained altar of Trog.
  1752 | D:2      | Found a white marble altar of Elyvilon.
  2134 | D:2      | Reached XP level 4. HP: 30/30 MP: 8/8
  2161 | D:2      | Slain by a leopard gecko

Illustrated notes

Levels and vault maps discovered:
D:1:      lemuel_arrival_funnel, layout_basic, minivault_4
D:2:      layout_loops_corners, old_standard_altar, lemuel_doored_altar,
          first_ration

Skill      XL: |  1  2  3 |
---------------+----------+-----
Conjurations   | 1 2 3 |  3.2
Dodging        | |  1.7
Stealth        | |  2.4
Spellcasting   | |  3.2
Summonings     | |  1.0
Translocations | |  0.8

Action                   |  1- 3 |  4- 6 || total
-------------------------+-------+-------++-------
Melee: Club              |    37 |       ||    37
 Fire: Hunting sling     |     3 |       ||     3
Throw: Stone             |     4 |       ||     4
 Cast: Magic Dart        |    91 |       ||    91
 Abil: Dig               |     8 |       ||     8
  Use: Potion            |     2 |       ||     2
  Eat: Chunk             |     4 |       ||     4
Armor: Robe              |    14 |     6 ||    20
       Skin              |    19 |       ||    19
Dodge: Dodged            |    32 |    14 ||    46
